 Dungeon Crawl Stone Soup version 0.28.0-47-ge53b351184 (webtiles) character file.

Game seed: 7494435693684486161

64 Cak3Hol3 the Skirmisher (level 4, -4/29 HPs)
             Began as a Gargoyle Monk on May 1, 2022.
             Was a Believer of Wu Jian.
             Killed from afar by an orc wizard (7 damage)
             ... with a puff of flame
             ... on level 3 of the Dungeon.
             The game lasted 00:08:12 (1974 turns).

Cak3Hol3 the Skirmisher (Gargoyle Monk)             Turns: 1974, Time: 00:08:17

Health: -4/29      AC: 13    Str: 15    XL:     4   Next: 12%
Magic:  4/4        EV:  4    Int: 10    God:    Wu Jian [**....]
Gold:   28         SH:  0    Dex: 14    Spells: 3/3 levels left

rFire   . . .      SeeInvis .   a - +0 mace
rCold   . . .      Faith    .   (no shield)
rNeg    + . .      Spirit   .   g - +0 plate armour
rPois   ∞          Reflect  .   (no helmet)
rElec   +          Harm     .   (no cloak)
rCorr   .          Rampage  .   (no gloves)
Will    .....                   (no boots)
Stlth   ..........              (no amulet)
HPRegen 0.09/turn               (no ring)
MPRegen 0.09/turn               (no ring)

@: no status effects
A: sickness immunity, AC +3, negative energy resistance 1, electricity
resistance, torment resistance 1, petrification resistance
a: Renounce Religion, Wall Jump


You were on level 3 of the Dungeon.
You worshipped Wu Jian.
Wu Jian was pleased with you.
You visited 1 branch of the dungeon, and saw 3 of its levels.

You collected 28 gold pieces.

Inventory:

Hand Weapons
 a - a +0 mace (weapon)
 i - a +0 mace
Armour
 b - a +0 robe
 c - a +0 ring mail
 g - a +0 plate armour (worn)
Scrolls
 d - a scroll of silence {unknown}
 e - a scroll of identify {unknown}
 h - a scroll of vulnerability {unknown}
Potions
 f - 2 potions of degeneration {unknown}


   Skills:
 + Level 3.8 Fighting
 + Level 3.8 Maces & Flails
 + Level 0.8 Armour
 + Level 2.8 Dodging
 + Level 2.6 Stealth


You had 3 spell levels left.
You didn't know any spells.
Your spell library was empty.

Dungeon Overview and Level Annotations

Branches:
Dungeon (3/15)

Altars:
Wu Jian


Innate Abilities, Weirdness & Mutations

You are immune to sickness and miasma.
Your stone body is resilient. (AC +3)
You are immune to poison.
You resist negative energy. (rN+)
You are resistant to electric shocks. (rElec)
You are resistant to unholy torment.
You are immune to petrification.


Message History

You bump into the rock wall.
Something hits you but does no damage. The orc hits you but does no damage.
You feel less confused. Something hits you but does no damage.
The bat barely misses you. Something hits you but does no damage.
The orc throws a stone.
The stone hits you but does no damage.
You see here a +0 club.
The bat barely misses you. The bat hits you but does no damage.
A bat is nearby!
You lunge at the bat.
You miss the bat. The bat hits you but does no damage.
Something hits you but does no damage.
The orc throws a stone.
The stone barely misses you. The bat hits you but does no damage.
A magic dart appears from out of thin air!
The magic dart hits you but does no damage.
You lunge at the bat.
You hit the bat.
You kill the bat!
The Council accepts your kill. Something hits you but does no damage.
The orc throws a stone.
The stone barely misses you.
You miss something. You thump the orc!
You kill the orc!
The Council accepts your kill. Something hits you.
* * * LOW HITPOINT WARNING * * *
Something hits you but does no damage.
You hit the orc.
The orc is moderately wounded.
The orc hits you but does no damage. Something hits you.
* * * LOW HITPOINT WARNING * * *
You closely miss the orc.
The orc is moderately wounded.
The orc hits you with a +0 mace.
* * * LOW HITPOINT WARNING * * *
You hear some strange, mumbled words.
A puff of flame appears from out of thin air!
The puff of flame hits you!
You die...

#o### #..b .. #..# #. . #..#
#. .# #..### .## ##. #....#
...... ..######.##.####
#.#.## #..[........)o{#
#)...####
########(##.##@######<.......
#.##.##..)).......####
#.##.##..†.......##
#.##.###.######### #.##.# #.#
..##.# #.# ..##.# #.# #.# #.#
#.#


You could see an orc.

Vanquished Creatures
  2 adders (D:2)
  2 worms (D:2)
  5 orcs (D:3)
  3 endoplasms
  4 goblins
  2 hobgoblins
  2 quokkas (D:2)
  2 ball pythons
  2 bats
  2 frilled lizards
  4 kobolds (D:2)
  4 rats
34 creatures vanquished.

Notes
Turn   | Place    | Note
-------+----------+-------------------------------------------
     0 | D:1      | Cak3Hol3 the Gargoyle Monk began the quest for the Orb.
     0 | D:1      | Reached XP level 1. HP: 14/14 MP: 1/1
   532 | D:1      | Reached XP level 2. HP: 19/19 MP: 2/2
   670 | D:2      | Found an ornate altar of the Wu Jian Council.
   698 | D:2      | Became a worshipper of the Wu Jian Council
   698 | D:2      | Reached * piety under Wu Jian
   698 | D:2      | Reached ** piety under Wu Jian
   878 | D:2      | Reached XP level 3. HP: 20/23 MP: 3/3
  1325 | D:2      | Found a faded altar of an unknown god.
  1905 | D:3      | Reached XP level 4. HP: 29/29 MP: 4/4
  1974 | D:3      | Killed from afar by an orc wizard

Illustrated notes

Levels and vault maps discovered:
D:1:      heliophobic_arrival_dark_side_of_the_moon, layout_basic,
          lemuel_old_faithful
D:2:      layout_basic, basic_altar, shapermc_ecumenical_altar_mp_highgroup,
          chequers_serial_rivers_large_a
D:3:      layout_loops_ring, serial_shops, nicolae_shop_bloodbath_and_beyond,
          kennysheep_generic_room_14

Action                   |  1- 3 |  4- 6 || total
-------------------------+-------+-------++-------
Melee: Mace              |   100 |    12 ||   112
Invok: Lunge             |     6 |     3 ||     9
       Whirlwind         |     1 |       ||     1
 Stab: Sleeping          |     4 |       ||     4
Armor: Robe              |     9 |       ||     9
       Ring mail         |    31 |       ||    31
       Plate armour      |       |    21 ||    21
Dodge: Dodged            |    53 |     4 ||    57
